 Dungeon Crawl Stone Soup version 0.30-a0-1160-g6e42c06551 (webtiles) character file.

Game seed: 14469696274939196277

121 Orangeyouglad the Slasher (level 5, -1/42 HPs)
             Began as a Human Monk on Apr 26, 2023.
             Slain by a scorpion (2 damage)
             ... on level 4 of the Dungeon.
             The game lasted 00:04:01 (2531 turns).

Orangeyouglad the Slasher (Human Monk)              Turns: 2531, Time: 00:04:02

Health: -1/42      AC:  5    Str: 13    XL:     5   Next: 26%
Magic:  5/5        EV: 12    Int: 10    God:
Gold:   254        SH:  0    Dex: 16    Spells: 1/4 levels left

rFire   . . .        a - +0 falchion
rCold   . . .        d - orb {light}
rNeg    . . .        i - +0 ring mail
rPois   .            (no helmet)
rElec   .            (no cloak)
rCorr   .            (no gloves)
SInv    .            (no boots)
Will    .....        (no amulet)
Stlth   +            (no ring)
HPRegen 0.27/turn    (no ring)
MPRegen 0.09/turn

%: no passive effects
@: lethally poisoned (-1 -> -19), glowing
A: no striking features
a: no special abilities


You were on level 4 of the Dungeon.
You visited 1 branch of the dungeon, and saw 4 of its levels.

You collected 254 gold pieces.

Inventory:

Hand Weapons
 a - a +0 falchion (weapon)
 f - a +1 dagger of draining
Missiles
 s - 4 silver javelins (quivered)
Armour
 b - a +0 robe
 d - an orb of light (worn)
 i - a +0 ring mail (worn)
Jewellery
 h - an amulet of reflection
Wands
 q - a wand of mindburst (14)
Scrolls
 e - 2 scrolls of identify {unknown}
 g - 2 scrolls of blinking {unknown}
 k - 6 scrolls of teleportation {unknown}
 l - 2 scrolls of amnesia {unknown}
 o - a scroll of vulnerability {unknown}
 p - a scroll of enchant weapon {unknown}
 t - a scroll of acquirement {unknown}
Potions
 c - a potion of ambrosia
 j - 4 potions of curing {unknown}
 m - 2 potions of brilliance {unknown}
 n - 2 potions of haste {unknown}
 r - a potion of heal wounds {unknown}
 u - a potion of attraction {unknown}


   Skills:
 + Level 3.9 Fighting
 + Level 3.9 Long Blades
 + Level 3.8 Dodging
 + Level 1.0 Hexes


You had one spell level left.
You knew the following spells:

 Your Spells              Type           Power      Damage    Failure   Level
a - Tukima's Dance        Hex            2%         N/A       86%         3

Your spell library contained the following spells:

 Spells                   Type           Power      Damage    Failure   Level
 Portal Projectile        Hex/Tloc       2%         N/A       90%         3
 Ozocubu's Armour         Ice            0%         N/A       94%         3
 Blade Hands              Tmut           0%         N/A       100%        5
 Ozocubu's Refrigeration  Ice            0%         4d7       100%        7


Dungeon Overview and Level Annotations

Branches:
Dungeon (4/15)
 Temple: D:4-7

Altars:
Yredelemnul


Message History

The scorpion is moderately wounded.
The scorpion stings you.
You are poisoned.
The scorpion poisons you!
You hit the scorpion.
The scorpion is severely wounded.
You feel very sick. The scorpion barely misses you.
The scorpion closely misses you.
You hit the scorpion.
The scorpion is severely wounded.
You feel sick. The scorpion barely misses you.
You barely miss the scorpion.
The scorpion is severely wounded.
You feel sick. The scorpion stings you.
You hit the scorpion.
The scorpion is severely wounded.
You feel sick. The scorpion stings you.
You are more poisoned.
The scorpion poisons you! The scorpion barely misses you.
You barely miss the scorpion.
The scorpion is severely wounded.
You feel very sick. The scorpion closely misses you.
You hit the scorpion.
The scorpion is almost dead.
You feel very sick. The scorpion stings you.
You hit the scorpion but do no damage.
The scorpion is almost dead.
You feel very sick. The scorpion stings you!
* * * LOW HITPOINT WARNING * * *
You hit the scorpion but do no damage.
The scorpion is almost dead.
* * * LOW HITPOINT WARNING * * *
You feel sick. The scorpion stings you.
* * * LOW HITPOINT WARNING * * *
You are more poisoned.
The scorpion poisons you! The scorpion stings you.
You die...

....... ... #...### ...
..(.... ##.# ........###
#..## ........... ...
#... #.... ### #.###..##
..#....
.....###...#...##..##...
#.....s@................
##...............# ##...
......####......#####...
####.. ##.....).#.....
≈≈~ #.......<.....
###...####......##.....
............)..#.....
.#####................
#.................


You could see a scorpion.

Vanquished Creatures
  5 adders (D:4)
  An ufetubus (D:4)
  2 dart slugs (D:2)
  An orc (D:4)
  5 endoplasms
  3 giant cockroaches
  6 goblins
  3 hobgoblins
  6 quokkas
  9 ball pythons
  3 bats
  5 frilled lizards
  9 kobolds
  9 rats
67 creatures vanquished.

Notes
Turn   | Place    | Note
-------+----------+-------------------------------------------
     0 | D:1      | Orangeyouglad the Human Monk began the quest for the Orb.
     0 | D:1      | Reached XP level 1. HP: 18/18 MP: 1/1
   231 | D:1      | Reached XP level 2. HP: 22/23 MP: 2/2
   610 | D:1      | Reached XP level 3. HP: 28/29 MP: 3/3
  1145 | D:2      | Found a basalt altar of Yredelemnul.
  1359 | D:2      | Reached XP level 4. HP: 36/36 MP: 4/4
  1460 | D:2      | Learned a level 3 spell: Tukima's Dance
  2282 | D:4      | Reached XP level 5. HP: 38/42 MP: 5/5
  2460 | D:4      | Reached skill level 1 in Hexes
  2531 | D:4      | HP: 1/42 [scorpion (3)]
  2531 | D:4      | Slain by a scorpion

Illustrated notes

Levels and vault maps discovered:
D:1:      dpeg_arrival_rooms_with_view, layout_basic
D:2:      layout_basic, basic_altar, grunt_ministairs_6,
          kennysheep_generic_room_15
D:3:      layout_basic, minmay_misc_feat_hallway
D:4:      layout_cave_pools, temple_statues, serial_rivers,
          chequers_serial_rivers_micro_a, chequers_serial_rivers_micro_b,
          chequers_serial_rivers_micro_a, chequers_serial_rivers_small_b,
          chequers_avenue, hangedman_feature_mirror, st_stairs_5, uniq_menkaure

Skill      XL: |  1  2  3  4  5 |
---------------+----------------+-----
Hexes          | 1 |  1.0
Fighting       | |  3.9
Long Blades    | |  3.9
Dodging        | |  3.8

Action                     |  1- 3 |  4- 6 || total
---------------------------+-------+-------++-------
  Melee: Falchion          |    33 |    86 ||   119
         Dagger            |    60 |       ||    60
    Use: Potion            |       |     1 ||     1
 Armour: Robe              |     3 |       ||     3
         Ring mail         |    19 |    27 ||    46
  Dodge: Dodged            |    55 |    78 ||   133

Table legend: (Time is in decaauts)
 A = Elapsed time spent in this place.
 B = Non-inter-level travel time spent in this place.
 C = Inter-level travel time spent in this place.
 D = Time resting spent in this place.
 E = Time spent auto-exploring this place.
 F = Levels seen in this place.
 G = Mean time per level.
                   A        B        C        D        E       F      G
               +--------+--------+--------+--------+--------+-----+--------+
         Total |   2536 |   2444 |     92 |    155 |   1512 |   4 |  634.0 |
       Dungeon |   2536 |   2444 |     92 |    155 |   1512 |   4 |  634.0 |
               +--------+--------+--------+--------+--------+-----+--------+

Top non-repeatable levels by time:
     D:1: 1118 daAuts
     D:2: 754 daAuts
     D:4: 480 daAuts
     D:3: 183 daAuts
